[Event "55th Biel Festival MTO 2022"]
[Site "Biel"]
[Date "2022.07.18"]
[Round "5.32"]
[White "Aydin Gulenay"]
[Black "Schwander Lukas"]
[Result "1-0"]
[ECO "C48"]
[WhiteElo "2100"]
[BlackElo "2274"]
[Annotator "TA"]
[PlyCount "123"]
[EventDate "2022.07.13"]
[EventType "swiss"]
[EventCountry "SUI"]
[SourceTitle "playchess.com"]
[Source "ChessBase"]
[SourceQuality "1"]
[TimeControl "40/5400+30:1800+30"]

1. e4 e5 2. Nf3 Nc6 3. Nc3 Nf6 4. Bb5 Nd4 5. O-O c6 6. Bd3 {[%emt 0:01:58] C48: Four Knights: 4 Bb5, replies other than 4...Bb4.} Nxf3+ 7. Qxf3 d6 8. Be2 {[%emt 0:01:37] The position is equal.} g6 9. d3 Bg7 10. Qg3 h5 {[%emt 0:07:51][%cal Bh7h5,Bh5h4][%mdl 32] [#]} 11. f4 $146 ({Predecessor:} 11. h4 Ng4 12. Nd1 Bf6 13. Ne3 Bxh4 14. Qf3 Bg5 15. g3 Nxe3 16. fxe3 Qe7 17. Qf2 {0-1 (28) Abdusattorov,N (2627)-So,W (2770) Chess.com INT 2020}) 11... Qb6+ 12. Kh1 h4 13. Qe1 Nh5 14. Bxh5 Rxh5 15. Be3 (15. f5 $14 {stays ahead.}) 15... Qxb2 $17 16. fxe5 (16. f5 $17) 16... Qa3 ({Not} 16... Qxc2 17. Rd1 Qb2 18. Rb1 $11) (16... h3 $1 $19 17. g4 Rh7) 17. d4 dxe5 18. d5 Bd7 (18... h3 $5 19. g3 Bd7 $15) 19. Rb1 $36 {[%emt 0:02:03][%mdl 2048] White is pushing.} b6 20. Rb3 (20. dxc6 $11 Bxc6 21. Qe2) 20... Qe7 ({Black should try} 20... Qa6 $1 $15) 21. a4 Qd6 $2 (21... h3 $11 22. g3 Rh7) 22. a5 $16 ({Don't do} 22. Qf2 $6 f5 $14) 22... c5 (22... b5 $16 {was worth a try.}) 23. Qf2 $18 f5 24. axb6 $1 axb6 25. Rfb1 $1 f4 26. Bd2 ({White has to play} 26. Rxb6 $18 Qc7 27. Rb7) 26... Rb8 $1 $14 27. Nb5 Bxb5 28. Rxb5 {[%emt 0:00:01][%cal Od2a5] Black must now prevent Ba5!} Bf6 $1 29. c4 {[%emt 0:03:18][%mdl 1024] White has compensation.} Bd8 30. Ra1 Rh7 31. Qf3 Qd7 (31... Kf8 $11 {keeps the balance.}) 32. Bc3 $16 Qd6 33. Qg4 Rg7 34. Be1 {[%emt 0:00:59] White is more active.} (34. Rbb1 $16) 34... Qd7 $14 35. Qf3 Rh7 36. Bc3 Rh5 (36... Qd6 $1 $11) 37. h3 Rb7 38. Kh2 Rb8 39. Kh1 (39. Rb2 $16) 39... Rg5 (39... Rb7 $1 $11 {remains equal.}) 40. Be1 $16 Rh5 41. Bf2 {[%emt 0:12:55] And now Bxc5 would win.} Rb7 42. Kh2 $1 Rh6 (42... Ra7 $16 43. Rxa7 Qxa7) 43. Qc3 (43. Rab1 $1 $18) 43... Rh5 (43... Qg7 $16) 44. Rb3 (44. Rab1 $18) 44... Qd6 45. Qf3 Rhh7 (45... Kf8 $16) 46. Rb5 (46. Qg4 $18) 46... Rbg7 $2 {[%emt 0:00:50][%mdl 8192] [#]} ({Better is} 46... Ra7 $14 47. Rbb1 Rhg7) 47. Ra8 $2 (47. Ra6 $1 $18 {and the rest is easy.}) 47... Ra7 (47... Qf6 $142) 48. Rc8 Rhc7 49. Rxc7 (49. Rb8 $18 Rcb7 50. Rxb7 Rxb7 {[#]} 51. Bxc5 $1 ) 49... Rxc7 $11 50. Qg4 Ra7 $2 (50... Qf6 $11) 51. Bxh4 $18 Bxh4 52. Qxh4 {[%emt 0:00:03][%mdl 4096] Endgame Strongly threatening Qh8+. KQR-KQR} Ra4 $2 (52... Ra3 {was necessary.} 53. Qh8+ Kd7 54. Qg7+ Kc8) 53. Qh8+ Kd7 54. Qg7+ Kc8 55. Qg8+ Kb7 56. Qf7+ Qc7 57. Qe6 Ra8 (57... f3 $142 58. gxf3 Ra2+ 59. Kg3 g5) 58. d6 Qc6 59. Qe7+ {[%emt 0:00:37] White mates.} Kc8 {[%emt 0:00:40] [#]} 60. Rxb6 $3 Qd7 (60... Qxb6 61. d7+) 61. Qf8+ Qd8 62. d7+ {[%emt 0:00:07] Weighted Error Value: White=0.36/Black=0.61} 1-0

[Event "55th Biel Festival MTO 2022"]
[Site "Biel"]
[Date "2022.07.18"]
[Round "5.33"]
[White "Marentini, Marcel"]
[Black "Schnepp Gunnar"]
[Result "1/2-1/2"]
[ECO "A13"]
[WhiteElo "2053"]
[BlackElo "2265"]
[Annotator "TA"]
[PlyCount "50"]
[EventDate "2022.07.13"]
[EventType "swiss"]
[EventCountry "SUI"]
[SourceTitle "playchess.com"]
[Source "ChessBase"]
[SourceQuality "1"]
[TimeControl "40/5400+30:1800+30"]

1. Nf3 Nf6 2. c4 e6 3. g3 d5 4. Bg2 dxc4 5. Na3 Bxa3 6. bxa3 O-O 7. Qc2 {[%emt 0:01:04] A13: English Opening: 1...e6.} Nbd7 8. Bb2 {[%emt 0:02:35] Inhibits e5.} Rb8 9. Qxc4 b5 10. Qc2 Bb7 11. O-O c5 {[%emt 0:01:16] [#]} 12. Rfe1 $146 ({Predecessor:} 12. Rfd1 Qb6 13. Ne5 Bxg2 14. Nxd7 Nxd7 15. Kxg2 e5 16. Qf5 Qd6 17. Kg1 f6 18. h4 {½-½ (126) Kauko,J (2265)-Niemi,K (2306) Finland 2019}) 12... Qa5 13. Rac1 Rbc8 14. d3 h6 15. Qb1 Nd5 16. e4 N5b6 17. Bc3 {[%emt 0:00:35] A strong pair of Bishops.} Qxa3 18. Qxb5 Ba6 (18... Qxa2 $5 19. Bf1 Bc6 $11) 19. Qb1 Na4 20. Qa1 Nxc3 {[%emt 0:02:02] The position is equal.} 21. Rxc3 Qa4 22. Rec1 c4 23. dxc4 Rxc4 24. Rxc4 Bxc4 25. a3 Nb6 {[%emt 0:05:50] An interesting draw.  Weighted Error Value: White=0.10 (very precise) /Black=0.09 (flawless)} 1/2-1/2

[Event "55th Biel Festival MTO 2022"]
[Site "Biel"]
[Date "2022.07.18"]
[Round "5.34"]
[White "Sadeghi, Hassan Roger"]
[Black "Dishman Stephen"]
[Result "1/2-1/2"]
[ECO "A03"]
[WhiteElo "2068"]
[BlackElo "2252"]
[Annotator "TA"]
[PlyCount "42"]
[EventDate "2022.07.13"]
[EventType "swiss"]
[EventCountry "SUI"]
[SourceTitle "playchess.com"]
[Source "ChessBase"]
[SourceQuality "1"]
[TimeControl "40/5400+30:1800+30"]

1. f4 d5 2. Nf3 g6 3. g3 Bg7 4. Bg2 Nh6 5. d3 d4 6. c3 {[%emt 0:00:45] A03: Bird's Opening with 1...d5.} c5 7. e4 dxe3 8. Bxe3 {[%emt 0:00:12] The position is equal.} Nd7 9. d4 Nf5 10. Bf2 Qc7 11. O-O O-O 12. Na3 (12. Re1 $14) 12... a6 13. Nc2 {[%emt 0:05:36] [#]} Rb8 $146 ({Predecessor:} 13... Nf6 14. Ne5 cxd4 15. Nxd4 Nxd4 16. Qxd4 Nd7 17. Rfe1 Nxe5 18. fxe5 Be6 19. Qb4 a5 {½-½ (40) Cavaletto,M (2103)-Malakhatko,V (2542) Zuerich 2013}) 14. Qe2 Re8 (14... b5 $11) 15. g4 $14 Nd6 16. Bg3 cxd4 17. Nfxd4 e5 18. fxe5 Nxe5 19. h3 Bd7 20. Qf2 Qc5 21. Rad1 {[%emt 0:05:48] Against Nd3} f6 $2 {[%emt 0:10:16] Weighted Error Value: White=0.11 (very precise) /Black=0.14 (very precise)} (21... Rbd8 $16) 1/2-1/2

[Event "55th Biel Festival MTO 2022"]
[Site "Biel"]
[Date "2022.07.18"]
[Round "5.36"]
[White "Mamedov Edgar"]
[Black "Meduri, Aakaash"]
[Result "1/2-1/2"]
[ECO "E01"]
[WhiteElo "2227"]
[BlackElo "2000"]
[Annotator "TA"]
[PlyCount "91"]
[EventDate "2022.07.13"]
[EventType "swiss"]
[EventCountry "SUI"]
[SourceTitle "playchess.com"]
[Source "ChessBase"]
[SourceQuality "1"]
[TimeControl "40/5400+30:1800+30"]

1. d4 d5 2. c4 e6 3. Nf3 c6 4. Nc3 dxc4 5. g3 b5 6. Bg2 Bb7 7. O-O Nd7 8. e4 Ngf6 9. e5 {[%emt 0:11:18] E01: Catalan: Early deviations.} Nd5 10. Ng5 {[%emt 0:01:23] Qh5 is the strong threat.} N7b6 11. Qh5 {[%emt 0:15:55][%csl Gg5,LRe6,LRf7,LRh7][%cal Rh5f7][%mdl 1024] White has compensation.} g6 12. Qf3 Qd7 {[%emt 0:03:17] [#]} 13. Nge4 $146 ({Predecessor:} 13. a4 Nxc3 14. bxc3 Nd5 15. Ne4 a5 16. axb5 Be7 17. bxc6 Bxc6 18. Bh6 a4 19. Rfb1 {1-0 (28) Haik,A (2410)-Kharlov,A (2580) Metz 1993}) 13... h6 14. a4 b4 15. Nxd5 Nxd5 16. a5 {[%emt 0:03:13] Hoping for Nf6+.} Ba6 $1 17. Nf6+ Nxf6 18. Qxf6 Rg8 19. Rd1 Bb5 20. Be3 Rd8 21. Qf3 Qc7 (21... c3 22. bxc3 bxc3 23. Qe4 $16) 22. Qe4 h5 23. h3 Be7 24. Kh2 Rd7 ({Better is} 24... h4 $11) 25. f4 (25. Bf1 $14 {keeps the upper hand.}) 25... Qc8 (25... Kf8 $17) 26. Qc2 $15 Qa6 27. Qe4 Kd8 (27... Kf8 $17) 28. Rdc1 Kc7 29. Rd1 (29. Qc2 $1 $15) 29... Rgd8 $17 30. Qc2 Kb8 31. Bf2 {[%emt 0:00:35] [#]} (31. Qf2 $17) 31... Kc7 (31... c5 $1 $19 32. Rd2 (32. Qe4 $2 cxd4 33. Rxd4 Bc6 $19) 32... cxd4) 32. Be3 Kb8 (32... c5 $17 33. Qf2 (33. dxc5 Rxd1 34. Rxd1 Rxd1 $17) 33... Bc6) 33. Bf2 $19 c5 34. dxc5 $2 (34. Qe4 {is a better defense.}) 34... Rxd1 (34... b3 $142 35. Qe2 c3) 35. Rxd1 Rd3 (35... Rxd1 $19 36. Qxd1 Bc6) 36. Be4 (36. Rxd3 $1 $15 cxd3 37. Qd1) 36... Rxd1 37. Qxd1 Qxa5 38. Bg2 Kc7 {[%emt 0:01:12] Strongly threatening ...Qa6.} 39. Qf3 {[%emt 0:00:25] Threatens to win with Qb7+.} Qa6 {[%emt 0:00:30] Prevents Qb7+.} 40. Qa8 c3 41. bxc3 bxc3 {[%emt 0:03:00] White must now prevent ...c2.} 42. Be1 ({Avoid the trap} 42. Be4 $2 c2 43. Be3 {[#]} (43. Bxc2 $2 Bc6 $19) 43... Bxc5 $1 $19 ) 42... c2 ({Black should play} 42... Bxc5 $17 {aiming for ...c2.} 43. Bxc3 Qc8 44. Ba5+ Kd7) 43. Ba5+ $1 $11 {[%emt 0:00:00] The position is equal.} Qxa5 44. Qb7+ Kd8 45. Qa8+ Kc7 (45... Kd7 {is a self mate.} 46. c6+ Bxc6 47. Bxc6+ Kc7 48. Qb7+ Kd8 49. Qd7#) 46. Qb7+ {[%emt 0:00:00] Weighted Error Value: White=0.27 (precise) /Black=0.36} 1/2-1/2

[Event "55th Biel Festival MTO 2022"]
[Site "Biel"]
[Date "2022.07.18"]
[Round "5.37"]
[White "Foerster-Yialamas Lucas"]
[Black "Dushyant Sharma"]
[Result "0-1"]
[ECO "C70"]
[WhiteElo "2147"]
[BlackElo "2416"]
[Annotator "TA"]
[PlyCount "48"]
[EventDate "2022.07.13"]
[EventType "swiss"]
[EventCountry "SUI"]
[SourceTitle "playchess.com"]
[Source "ChessBase"]
[SourceQuality "1"]
[TimeControl "40/5400+30:1800+30"]

1. e4 e5 2. Nf3 Nc6 3. Bb5 a6 4. Ba4 f5 5. d4 exd4 {[%emt 0:01:48] [#]} 6. exf5 {[%emt 0:02:52] C70: Ruy Lopez: 3...a6 4 Ba4, Norwegian and Delayed Schliemann.} (6. e5 $1 $16) 6... Qe7+ $11 7. Qe2 Qxe2+ (7... b5 {looks sharper.} 8. Bb3 Bb7 9. a4 Na5) 8. Kxe2 {[%emt 0:00:02] [#] The position is equal.} Nge7 $146 (8... b5 $5 9. Bb3 Bb7 $11) ({Predecessor:} 8... Bc5 9. Re1 Nge7 10. g4 b5 11. Bb3 Bb7 12. Bg5 O-O-O 13. Nbd2 h6 14. Bh4 h5 {1-0 (23) Mazur,S (2416)-Kett,T (2178) Chess.com INT 2021}) 9. Rd1 b5 10. Bb3 Nxf5 11. g4 (11. a4 $15 Bb7 12. axb5 axb5 13. Rxa8+ Bxa8 14. Bd5) 11... Nfe7 $17 12. a4 {[%emt 0:01:56] [#] Hoping for axb5.} Rb8 13. axb5 axb5 14. Bf4 d6 15. Nxd4 Bxg4+ 16. f3 Nxd4+ 17. Rxd4 Bf5 18. Ra7 $2 (18. Rd1 $17 {was called for.}) 18... Nc6 $1 $19 19. Bf7+ (19. Rd5 $142 Bxc2 20. Bxc2 Nxa7 21. Be4) 19... Kd7 {[%emt 0:02:41] Black is clearly winning.} 20. Rd5 Nxa7 21. Rxf5 g6 {[%emt 0:00:56][%cal Bg7g6,Bg6g5][%mdl 32] Prevents Bh5.} 22. Rf6 Ke7 23. Bg5 h6 24. Bh4 g5 {[%emt 0:00:13] Black took control after the opening.  Weighted Error Value: White=0.68/Black=0.02 (flawless)} 0-1

[Event "55th Biel Festival MTO 2022"]
[Site "Biel"]
[Date "2022.07.18"]
[Round "5.51"]
[White "Martirosyan Haik M."]
[Black "Korley Kassa"]
[Result "1/2-1/2"]
[ECO "D37"]
[WhiteElo "2672"]
[BlackElo "2421"]
[Annotator "TA"]
[PlyCount "109"]
[EventDate "2022.07.13"]
[EventType "swiss"]
[EventCountry "SUI"]
[SourceTitle "playchess.com"]
[Source "ChessBase"]
[SourceQuality "1"]
[TimeControl "40/5400+30:1800+30"]

1. d4 d5 2. c4 e6 3. Nf3 a6 4. cxd5 exd5 5. Nc3 Nf6 6. Bg5 {[%emt 0:00:31] D37: Queen's Gambit Declined: 5 Bf4.} Be6 7. Qb3 Nbd7 8. e3 Bd6 9. Bd3 O-O 10. O-O Qb8 11. Bf4 c6 12. Bxd6 Qxd6 13. h3 {[%emt 0:00:24] [#]} ({Wrong is} 13. Qxb7 $2 Rfb8 14. Qxa8 Rxa8 $19) 13... Rfc8 $146 ({Predecessor:} 13... Rfe8 14. a4 a5 15. Qa3 Qb8 16. b4 axb4 17. Qxb4 Nf8 18. Rfb1 Ra7 19. Ne5 Ng6 20. Nxc6 {1-0 (33) Yilmaz,M (2631)-Andreikin,D (2729) Chess.com INT 2022}) 14. Qc2 ({Don't blunder} 14. Qxb7 $2 Rcb8 15. Qxa8 Rxa8 $19) 14... Rc7 15. a3 Re8 16. b4 Nf8 17. Ne5 N6d7 18. f4 f6 19. Nf3 Bf7 20. Rae1 Nb6 21. Qd2 Qd8 22. g4 Nc8 23. g5 Nd6 24. gxf6 gxf6 25. Kh2 (25. f5 $11) 25... Bg6 $15 26. Ne2 Bxd3 27. Qxd3 Ne6 28. Rg1+ Ng7 29. Ng3 Kh8 30. Nh4 Qc8 31. Qd1 Rce7 32. Qf3 {[%emt 0:00:56] [#]} (32. Qe2 $15) 32... Nc4 $1 $17 33. e4 Nd2 34. Qg2 Nxe4 35. Nxe4 Qc7 36. Qg4 Rxe4 37. Rxe4 dxe4 ({Much less strong is} 37... Rxe4 38. Nf5 $18) 38. Ng2 f5 39. Qg3 Qd6 40. Qc3 (40. Ne3 $17 Qxd4 41. Qg5) 40... Rd8 $19 41. Rd1 Qf6 42. Qc4 Qd6 43. Qc3 $1 h6 44. Qg3 Ne6 (44... Qf6 $19 {is more deadly. White must now prevent ...Ne6.} 45. Qh4 Qxh4 46. Nxh4 Rd5) 45. Nh4 {[%emt 0:00:00] [#]} Nxd4 ({Black should try} 45... Rg8 $1 $17 46. Nxf5 Rxg3 47. Nxd6 Rxa3) 46. Nxf5 $11 {[%emt 0:00:00][%csl Gf5][%cal Rg3g7] The position is equal.} Qf6 {[%emt 0:00:00] Inhibits Qg7+. aiming for ...Nf3+.} (46... Nxf5 $2 47. Rxd6 Rxd6 48. Qc3+ Kh7 49. Qe5 $16) 47. Nxd4 Rxd4 {[%emt 0:00:00][%mdl 4096] Endgame KQR-KQR} 48. Qc3 Rd6 49. Qxf6+ Rxf6 {[%emt 0:00:00] KR-KR} 50. Kg3 Kg7 51. Rd7+ Rf7 52. Rd6 Rf6 53. Rd7+ Rf7 54. Rd6 Rf6 55. Rd7+ {[%emt 0:00:00] And White is the lucky defender.  Weighted Error Value: White=0.13 (very precise) /Black=0.19 (very precise)} 1/2-1/2

[Event "55th Biel Festival MTO 2022"]
[Site "Biel"]
[Date "2022.07.19"]
[Round "6.1"]
[White "Visakh N R"]
[Black "Aryan Chopra"]
[Result "1/2-1/2"]
[ECO "E15"]
[WhiteElo "2503"]
[BlackElo "2610"]
[Annotator "TA"]
[PlyCount "55"]
[EventDate "2022.07.13"]
[EventType "swiss"]
[EventCountry "SUI"]
[SourceTitle "playchess.com"]
[Source "ChessBase"]
[SourceQuality "1"]
[TimeControl "40/5400+30:1800+30"]

1. d4 Nf6 2. c4 e6 3. Nf3 b6 4. g3 Ba6 5. b3 Bb4+ 6. Bd2 Be7 7. Nc3 d5 8. cxd5 exd5 9. Bg2 O-O 10. O-O Re8 {[%emt 0:00:14] 10...Nbd7 is a critical line.} 11. Ne5 {[%emt 0:02:57][%cal Ob3b4] E15: Queen's Indian: 4 g3 sidelines, 4 g3 Ba6 and 4 g3 Bb7 early deviations.} Bb7 12. Rc1 Nbd7 13. Nb5 {[%emt 0:11:32] The position is equal.} c5 14. Bf4 {[%emt 0:00:42] Threatening Nxd7.} Nf8 15. Nc4 {[%emt 0:07:26] White wants to play Ncd6.} Ne6 16. Nbd6 $1 Nxf4 17. Nxb7 Nxe2+ 18. Qxe2 Qd7 {[%emt 0:00:06] [#]} 19. Nxc5 $1 Bxc5 {[%emt 0:00:58] [#]} 20. Qd1 $146 ({Predecessor:} 20. Qb2 Bd6 21. Nxd6 Qxd6 22. Rfe1 Rxe1+ {½-½ (22) Lobanov,E (2527)-Buecker,J (2515) ICCF email 2019}) 20... Bd6 21. Ne3 Bf8 22. Qf3 Ne4 23. Qf4 Bd6 {[%emt 0:01:23] Prevents Rc7.} 24. Qf5 Qxf5 25. Nxf5 {[%emt 0:00:02] [#] Hoping for Bxe4.} Ba3 26. Rc7 {[%emt 0:01:52] White is slightly better.} Nf6 27. Bf3 {[%emt 0:05:10] White is more active.} Kf8 28. Ne3 {[%emt 0:04:07] Weighted Error Value: White=0.01 (flawless) /Black=0.04 (flawless)} 1/2-1/2

[Event "55th Biel Festival MTO 2022"]
[Site "Biel"]
[Date "2022.07.19"]
[Round "6.2"]
[White "Alekseenko Kirill"]
[Black "Pranav Anand"]
[Result "1-0"]
[ECO "C50"]
[WhiteElo "2708"]
[BlackElo "2463"]
[Annotator "TA"]
[PlyCount "73"]
[EventDate "2022.07.13"]
[EventType "swiss"]
[EventCountry "SUI"]
[SourceTitle "playchess.com"]
[Source "ChessBase"]
[SourceQuality "1"]
[TimeControl "40/5400+30:1800+30"]

1. e4 e5 2. Nf3 Nc6 3. Bc4 Bc5 4. Nc3 Nf6 5. d3 h6 6. h3 a6 {[%emt 0:05:18] C50: Hungarian Defence and Giuoco Pianissimo.} 7. a4 d6 8. Be3 {[%emt 0:00:25] seems to push 8.0-0 aside.} Bxe3 {[%emt 0:02:41] The position is equal.} 9. fxe3 Be6 10. Nd2 Bxc4 11. Nxc4 O-O 12. O-O d5 13. exd5 Nxd5 {[%emt 0:00:05] [#]} 14. e4 $146 ({Predecessor:} 14. Qg4 Nxc3 15. bxc3 b5 16. Nd2 Qc8 17. Qxc8 Rfxc8 18. Rfb1 Rab8 19. axb5 axb5 20. Ra6 {½-½ (55) Sindarov,J (2609)-Sargsyan,S (2641) Sharjah 2022}) 14... Nxc3 15. bxc3 b5 16. Ne3 Ne7 17. Rf3 Qd7 18. Rg3 Qe6 19. Qh5 Kh7 20. Kh2 g6 21. Qg4 Qc6 (21... Qxg4 $14 22. Nxg4 f6) 22. axb5 $16 axb5 23. Rf1 Ra6 24. Qh4 Qe8 25. Rgf3 {[%emt 0:03:18] Against f5} Rc6 26. d4 {[%emt 0:04:22] Strongly threatening Ng4.} Ng8 27. Nd5 {[%emt 0:03:38] White is more active.} exd4 28. cxd4 Rxc2 29. e5 $36 {[%emt 0:07:15][%mdl 2048] White is pushing.} c5 $2 {[%emt 0:00:27] [#]} ({Black should try} 29... Rc6 $1 $14) 30. Nf4 $2 ({White must play} 30. Rf6 $1 $18 Rd2 (30... Kh8 31. e6) 31. e6 Qb8+ 32. Kg1 Nxf6 33. Nxf6+ Kg7 34. e7 Rxd4 35. Ng4 Rxg4 36. Qf6+ Kg8 37. hxg4) 30... f6 $2 {[%emt 0:05:01][%mdl 8192] [#]} (30... cxd4 $2 31. Nxg6 $1 fxg6 32. Rxf8 Qxe5+ 33. Qf4 Qxf4+ 34. R1xf4 $18) (30... g5 $14 31. Qe1 f5) 31. Nxg6 $1 $18 {[%emt 0:01:24][%mdl 64] Decoy. White is clearly winning.} Kxg6 (31... Qxg6 $142 32. Rg3 Qf7) 32. Qe4+ Kg7 33. Qxc2 cxd4 34. Qc7+ Qf7 35. exf6+ Nxf6 36. Qe5 d3 37. Rxd3 {[%emt 0:00:47] Weighted Error Value: White=0.12 (very precise) /Black=0.37} 1-0

[Event "55th Biel Festival MTO 2022"]
[Site "Biel"]
[Date "2022.07.19"]
[Round "6.3"]
[White "Fedoseev Vladimir"]
[Black "Iturrizaga Bonelli Eduardo"]
[Result "1/2-1/2"]
[ECO "E17"]
[WhiteElo "2686"]
[BlackElo "2619"]
[Annotator "TA"]
[PlyCount "113"]
[EventDate "2022.07.13"]
[EventType "swiss"]
[EventCountry "SUI"]
[SourceTitle "playchess.com"]
[Source "ChessBase"]
[SourceQuality "1"]
[TimeControl "40/5400+30:1800+30"]

1. d4 Nf6 2. c4 e6 3. Nf3 b6 4. g3 Bb7 5. Bg2 Be7 6. O-O O-O 7. h4 {[%emt 0:00:11] [#] E17: Queen's Indian: 4 g3 Bb7 5 Bg2 Be7.} h6 $146 ({Predecessor:} 7... Na6 8. Nc3 Ne4 9. Nxe4 Bxe4 10. Ng5 Bxg2 11. Kxg2 h6 12. Nh3 d5 13. Qa4 Qc8 14. cxd5 exd5 {½-½ (88) Sargissian,G (2681)-Sanal,V (2601) Warsaw 2021}) 8. Nc3 Ne4 9. d5 Nxc3 10. bxc3 Na6 11. Nd4 Nc5 12. e4 Ba6 13. Qe2 Re8 (13... exd5 $11 14. exd5 Bd6) 14. e5 {[%emt 0:02:41] White is more active.} exd5 15. Nf5 $1 Bf6 {[%emt 0:00:30] [#]} 16. Nxh6+ $1 gxh6 17. Qg4+ Kh8 $1 18. exf6 Qxf6 19. Be3 Kh7 {[%emt 0:02:16] [#]} (19... Bxc4 $2 20. Bd4 Re5 21. f4 $18) 20. Bxd5 ({White should try} 20. Bd4 $1 $16 Qg6 21. Qf3 (21. Qxg6+ fxg6 22. Bxc5 bxc5 $15) 21... Bxc4 22. h5) 20... c6 $11 21. Bg2 d5 (21... Qg6 $14 22. Qf4 Ne6) 22. cxd5 ({White should play} 22. Bd4 $16 Qg6 23. Qf3 (23. Qxg6+ fxg6 24. Bxc5 bxc5 $11)) 22... Bxf1 23. Rxf1 {[%emt 0:00:07] Strongly threatening Bd4.} cxd5 24. Bxd5 {[%emt 0:00:14] This bishop pair is nice.} Rad8 25. c4 Re7 26. Qh3 (26. Bd4 $1 $14 Qg6 27. Qf4) 26... Rg8 27. Bg5 Rxg5 28. hxg5 Qxg5 29. Rd1 Ne4 $132 {[%emt 0:01:12][%cal Oe4f2][%mdl 2048] Threatens to win with ...Nxf2! Black is not keeping still} 30. Qf1 Kg7 31. Qd3 Nf6 32. Qa3 Qe5 33. Kg2 Rd7 34. Qb3 Rd6 35. a4 Rd7 36. Qb5 Rc7 37. Qb3 Rd7 38. Qf3 Re7 39. Rh1 Rd7 40. Rh4 a5 41. Qd1 Rd6 42. Rd4 Rd7 43. Rd3 Nxd5 44. cxd5 {[%emt 0:00:00][%mdl 4096] Endgame Hoping for Qg4+. KQR-KQR} Rd6 45. Qg4+ Rg6 (45... Kf8 {is interesting.} 46. Rd4 h5 47. Qd1 Qf5) 46. Qc4 Rd6 47. Rd4 h5 48. Qd3 Kf8 49. Kf1 Kg7 50. f4 Qf6 51. Kg2 Kf8 52. Re4 Qb2+ 53. Kf3 Qa1 54. Qd4 Qf1+ 55. Ke3 Qe1+ 56. Kd3 {[%emt 0:00:00][%cal Rd4h8] Chess con chili.} Qd1+ 57. Ke3 {[%emt 0:00:00] Weighted Error Value: White=0.08 (flawless) /Black=0.10 (very precise)} 1/2-1/2

[Event "55th Biel Festival MTO 2022"]
[Site "Biel"]
[Date "2022.07.19"]
[Round "6.4"]
[White "Sargsyan Shant"]
[Black "Ganguly Surya Shekhar"]
[Result "1/2-1/2"]
[ECO "E51"]
[WhiteElo "2661"]
[BlackElo "2608"]
[Annotator "TA"]
[PlyCount "88"]
[EventDate "2022.07.13"]
[EventType "swiss"]
[EventCountry "SUI"]
[SourceTitle "playchess.com"]
[Source "ChessBase"]
[SourceQuality "1"]
[TimeControl "40/5400+30:1800+30"]

1. d4 Nf6 2. c4 e6 3. Nc3 Bb4 4. e3 O-O 5. Bd2 d5 6. Nf3 b6 7. cxd5 exd5 8. Rc1 {[%emt 0:00:05] E51: Nimzo-Indian: Rubinstein: 4...0-0 5 Nf3 d5.} Be7 9. Bd3 Bb7 10. O-O c5 11. Re1 Re8 12. dxc5 bxc5 13. Qb3 Qb6 {[%emt 0:00:27] [#]} 14. e4 $146 ({Predecessor:} 14. Na4 Qxb3 15. axb3 Ba6 16. Bf1 Bxf1 17. Kxf1 Na6 18. Bc3 Reb8 19. Red1 Rxb3 20. Bxf6 Bxf6 21. Rxd5 {½-½ (39) Mladek,R (2361)-Sankalp,G (2505) Prague 2022}) 14... Qxb3 15. axb3 dxe4 16. Nxe4 (16. Bb5 {keeps more tension.} Nbd7 17. Ng5 a6 18. Bc4) 16... Nxe4 17. Bxe4 Bxe4 18. Rxe4 Nc6 19. Be3 Rab8 20. Bxc5 Bxc5 {[%emt 0:01:25] The position is equal.} 21. Rxe8+ Rxe8 22. Rxc5 $14 {[%emt 0:00:07][%mdl 4096] Endgame KRN-KRN} Nd4 23. b4 Nxf3+ 24. gxf3 $11 {[%emt 0:04:04] KR-KR} g6 25. Ra5 Re7 26. Kg2 Kg7 27. Kg3 Kf6 28. h4 h5 29. b5 Rd7 30. b4 Rc7 31. f4 Rc3+ 32. f3 {[%emt 0:00:10] [#] And now Ra6+ would win.} Rc7 33. Ra6+ Kf5 34. Rc6 Rd7 35. Rc5+ Kf6 36. Rc6+ Kf5 37. b6 axb6 38. Rxb6 Rd4 39. Rb7 Kf6 40. b5 Rb4 41. b6 Rb2 42. Rb8 Rb4 43. Rb7 Rb2 44. Rb8 Rb4 {[%emt 0:00:04] An even fight not without its subleties.  Weighted Error Value: White=0.03 (flawless) /Black=0.03 (flawless)} 1/2-1/2

[Event "55th Biel Festival MTO 2022"]
[Site "Biel"]
[Date "2022.07.19"]
[Round "6.5"]
[White "Motylev Alexander"]
[Black "Huschenbeth Niclas"]
[Result "1-0"]
[ECO "D35"]
[WhiteElo "2632"]
[BlackElo "2610"]
[Annotator "TA"]
[PlyCount "53"]
[EventDate "2022.07.13"]
[EventType "swiss"]
[EventCountry "SUI"]
[SourceTitle "playchess.com"]
[Source "ChessBase"]
[SourceQuality "1"]
[TimeControl "40/5400+30:1800+30"]

1. d4 Nf6 2. c4 e6 3. Nc3 d5 4. cxd5 exd5 5. Bg5 Bb4 6. e3 h6 7. Bh4 g5 {[%emt 0:00:05] D35: Queen's Gambit Declined: Exchange Variation.} 8. Bg3 Ne4 9. a3 $5 {[%emt 0:00:56][%mdl 4] An interesting side line.} Bxc3+ {[%emt 0:23:59] White has an edge.} 10. bxc3 h5 11. f3 Nxg3 (11... Nxc3 $2 12. Qc2 $18) 12. hxg3 Qd6 13. g4 h4 14. Bd3 {[%emt 0:03:15] [#]} Be6 $146 ({Predecessor:} 14... Nc6 15. Nh3 Qg3+ 16. Kf1 Rg8 17. Qb3 Qd6 18. c4 dxc4 19. Bxc4 Qe7 20. Nf2 Kf8 {1-0 (51) Yu,Y (2709)-Dubov,D (2699) chess24.com INT 2020}) 15. Nh3 f6 16. O-O Nd7 17. Bg6+ Kf8 18. f4 Kg7 (18... Rg8 $142) 19. e4 Kxg6 $14 20. e5 fxe5 21. f5+ Kh6 {[%emt 0:01:23] [#] Hoping for ...Bf7.} 22. Qd2 {[%emt 0:06:00] Chess con chili.} Bf7 $2 {[%emt 0:04:44][%mdl 8192] Black cannot hold the game after this.} (22... Rhg8 $16 23. fxe6 Qxe6) 23. Nxg5 $18 {[%emt 0:02:11] White is clearly winning.} Kg7 24. Ne6+ $1 Bxe6 25. Qg5+ Kf8 26. fxe6+ {[%emt 0:00:46][%mdl 64] [#] Discovered Attack} Ke8 27. Qg7 {[%emt 0:02:24] Weighted Error Value: White=0.08 (flawless) /Black=0.12 (very precise)} 1-0